 Dungeon Crawl Stone Soup version 0.28-a0-802-g09f76e8c00 (webtiles) character file.

Game seed: 4219757701205785962

34 flotson the Sneak (level 3, 0/43 HPs)
             Began as a Demonspawn Delver on Nov 7, 2021.
             Succumbed to a goblin's poison
             ... on level 1 of the Dungeon.
             The game lasted 00:02:22 (1358 turns).

flotson the Sneak (Demonspawn Delver)               Turns: 1358, Time: 00:02:23

Health: 0/43       AC:  4    Str: 13    XL:     3   Next: 14%
Magic:  3/3        EV: 12    Int: 11    God:
Gold:   46         SH:  0    Dex: 14    Spells: 2/2 levels left

rFire   . . .      SeeInvis .   h - +0 quarterstaff
rCold   . . .      Faith    .   (shield currently unavailable)
rNeg    . . .      Spirit   .   b - +0 leather armour
rPois   .          Reflect  .   i - +0 helmet
rElec   .          Harm     .   (no cloak)
rCorr   .          Rampage  .   (no gloves)
Will    .....                   (no boots)
Stlth   ..........              (no amulet)
HPRegen 0.14/turn               (no ring)
MPRegen 0.16/turn               (no ring)

@: berserking, lethally poisoned (0 -> -14), hasted, very quick
A: magic regeneration
a: no special abilities


You were on level 1 of the Dungeon.
You visited 1 branch of the dungeon, and saw 5 of its levels.

You collected 46 gold pieces.

Inventory:

Hand Weapons
 a - a +0 hand axe
 h - a +0 quarterstaff (weapon)
Armour
 b - a +0 leather armour (worn)
 i - a +0 helmet (worn)
Wands
 g - a wand of digging (3)
Scrolls
 c - a scroll of fog
 d - a scroll of magic mapping
 e - 3 scrolls of fear
 j - 2 scrolls of identify {unknown}
 o - a scroll of enchant weapon {unknown}
Potions
 k - a potion of berserk rage
 l - a potion of heal wounds {unknown}
 m - 2 potions of mutation {unknown}
 n - a potion of brilliance {unknown}
 p - a potion of attraction {unknown}


   Skills:
 + Level 3.4 Fighting
 - Level 1.7 Axes
 + Level 1.2 Armour
 + Level 2.3 Dodging
 - Level 4.5 Stealth


You had 2 spell levels left.
You didn't know any spells.
Your spell library contained the following spells:

 Spells                   Type           Power      Damage    Failure   Level
 Summon Guardian Golem    Hex/Summ       0%         N/A       80%         3
 Orb of Destruction       Conj           0%         N/A       100%        7
 Spellforged Servitor     Conj/Summ      0%         N/A       100%        7


Dungeon Overview and Level Annotations

Branches:
Dungeon (5/15)
 Temple: D:4-7

Altars:

Annotations:
D:2 Sigmund
D:4 Grinder


Innate Abilities, Weirdness & Mutations

You regenerate magic rapidly.


Message History

The goblin shouts!
You closely miss the quokka.
You hear a shout!
The quokka barely misses you.
The goblin hits you with a +2 dagger of venom.
You are poisoned.
You closely miss the quokka.
You feel very sick. The quokka closely misses you.
The goblin hits you with a +2 dagger of venom.
You are more poisoned.
The quokka misses you.
You closely miss the quokka.
You feel very sick.
The goblin hits you with a +2 dagger of venom.
You are lethally poisoned!
The quokka closely misses you.
You are too injured to fight recklessly!
You are too injured to fight recklessly!
You are too injured to fight recklessly!
You are too injured to fight recklessly!
You are too injured to fight recklessly!
You are too injured to fight recklessly!
You feel yourself speed up.
You feel very sick. The goblin barely misses you.
The quokka bites you but does no damage.
* * * LOW HITPOINT WARNING * * *
You feel sick.
* * * LOW HITPOINT WARNING * * *
You feel sick.
The goblin hits you with a +2 dagger of venom.
* * * LOW HITPOINT WARNING * * *
You are more poisoned.
* * * LOW HITPOINT WARNING * * *
You feel very sick.
It was a potion of berserk rage.
A red film seems to cover your vision as you go berserk!
You feel yourself moving faster!
You feel mighty!
You die...

. ##########
... +.>......#
.....##...###.#
.............K#
.##+####..#####
#..@gK...#
#####r.#.#
........#.#
...###.##.# .
#.. ###


You could see a quokka, a goblin and a kobold.

Vanquished Creatures
  An adder (D:4)
  A worm (D:3)
  A dart slug (D:3)
  4 orcs
  A bat (D:3)
  An endoplasm (D:3)
  A giant cockroach (D:3)
  2 goblins (D:3)
  A jackal (D:3)
  A ball python (D:2)
  2 rats (D:3)
16 creatures vanquished.

Notes
Turn   | Place    | Note
-------+----------+-------------------------------------------
     0 | D:5      | flotson the Demonspawn Delver began the quest for the Orb.
     0 | D:5      | Reached XP level 1. HP: 18/18 MP: 1/1
    67 | D:5      | Noticed a necrophage
   288 | D:4      | Noticed Grinder
   300 | D:4      | Gained mutation: You regenerate magic rapidly. [demonic
                  | ancestry]
   300 | D:4      | Reached XP level 2. HP: 21/24 MP: 2/2
   476 | D:3      | Reached skill level 1 in Armour
  1005 | D:3      | Reached XP level 3. HP: 26/29 MP: 3/3
  1200 | D:2      | Noticed Sigmund
  1357 | D:1      | HP: 1/29 [poisoned by a goblin]
  1358 | D:1      | Succumbed to a goblin's poison

Illustrated notes

Levels and vault maps discovered:
D:1:      dpeg_arrival_chambers_temple_mockup, layout_basic,
          shapermc_ecumenical_altar_notcrosses, minmay_misc_feat_alley
D:2:      layout_loops_cross, uniq_sigmund
D:3:      minmay_door_path, layout_loops_cross, serial_aquarium,
          aquarium_bridge_straight [aquarium_subvault_bridge,
          aquarium_subvault_balcony, aquarium_subvault_bridge,
          aquarium_subvault_window], aquarium_window_2, aquarium_window_corner,
          aquarium_window_corridor_3, aquarium_view_2a, aquarium_view_2c,
          aquarium_balcony_3b, aquarium_pool_four, minmay_hedge_maze
D:4:      layout_rooms, lemuel_round_altar, gammafunk_temple_overflow_pools,
          lightli_corner_chamber, uniq_menkaure, uniq_duvessa, uniq_grinder
D:5:      layout_layer_cave, kiku_gazebo_pond_becter, guppyfry_early_orc_mine

Skill      XL: |  1  2 |
---------------+-------+-----
Dodging        | 2 |  2.3
Armour         | 1 |  1.2
Fighting       | |  3.4
Axes           | |  1.7
Stealth        | |  4.5

Action                   || total
-------------------------++-------
Melee: Quarterstaff      ||    55
  Use: Potion            ||     3
 Stab: Sleeping          ||     5
Armor: Leather armour    ||    12
Dodge: Dodged            ||    37

Table legend: (Time is in decaauts)
 A = Elapsed time spent in this place.
 B = Non-inter-level travel time spent in this place.
 C = Inter-level travel time spent in this place.
 D = Time resting spent in this place.
 E = Time spent auto-exploring this place.
 F = Levels seen in this place.
 G = Mean time per level.
                   A        B        C        D        E       F      G
               +--------+--------+--------+--------+--------+-----+--------+
         Total |   1353 |   1321 |     32 |     95 |    909 |   5 |  270.6 |
       Dungeon |   1353 |   1321 |     32 |     95 |    909 |   5 |  270.6 |
               +--------+--------+--------+--------+--------+-----+--------+

Top non-repeatable levels by time:
     D:3: 755 daAuts
     D:5: 295 daAuts
     D:2: 185 daAuts
     D:4: 104 daAuts
     D:1: 12 daAuts
